 Dungeon Crawl Stone Soup version 0.28-a0-1159-g27aa881441 (webtiles) character file.

Game seed: 14093270021962626898

122 ChaosChampion the Conjurer (level 4, -5/24 HPs)
             Began as a Deep Elf Conjurer on Dec 15, 2021.
             Was an Initiate of Vehumet.
             Killed from afar by a steam dragon (11 damage)
             ... with a ball of steam
             ... on level 4 of the Dungeon.
             The game lasted 00:04:03 (3921 turns).

ChaosChampion the Conjurer (Deep Elf Conjurer)      Turns: 3921, Time: 00:04:03

Health: -5/24      AC:  3    Str:  4    XL:     4   Next: 78%
Magic:  0/12       EV: 13    Int: 25    God:    Vehumet [......]
Gold:   121        SH:  0    Dex: 13    Spells: 0/11 levels left

rFire   . . .      SeeInvis .   (no weapon)
rCold   . . .      Faith    .   (no shield)
rNeg    . . .      Spirit   .   a - +0 robe
rPois   .          Reflect  .   (no helmet)
rElec   .          Harm     .   l - +0 cloak
rCorr   .          Rampage  .   (no gloves)
Will    .....                   (no boots)
Stlth   ++........              (no amulet)
HPRegen 0.08/turn               (no ring)
MPRegen 0.13/turn               (no ring)

@: very slightly contaminated
A: no striking features
a: Renounce Religion


You were on level 4 of the Dungeon.
You worshipped Vehumet.
Vehumet was noncommittal.
You visited 2 branches of the dungeon, and saw 5 of its levels.

You collected 121 gold pieces.

Inventory:

Armour
 a - a +0 robe (worn)
 l - a +0 cloak (worn)
Jewellery
 d - a ring of positive energy
 g - an amulet of reflection
Scrolls
 e - a scroll of teleportation
 f - a scroll of torment
 i - a scroll of amnesia
Potions
 b - a potion of invisibility {unknown}
 c - 2 potions of lignification {unknown}
 h - 4 potions of curing
 j - a potion of heal wounds


   Skills:
 + Level 3.6 Dodging
 + Level 4.0 Stealth
 + Level 4.2 Spellcasting
 + Level 5.0 Conjurations
 * Level 0.0 Hexes
 * Level 0.0 Translocations


You couldn't memorise any spells.
You knew the following spells:

 Your Spells              Type           Power      Damage    Failure   Level
a - Magic Dart            Conj           100%       1d8       1%          1
b - Searing Ray           Conj           60%        2d6       1%          2
c - Fulminant Prism       Conj/Hex       9%         3d7       30%         4
d - Iskenderun's Mystic   Conj/Tloc      18%        2d6       30%         4

Your spell library contained the following spells:

 Spells                   Type           Power      Damage    Failure   Level
 Dazzling Flash           Conj/Hex       36%        N/A       10%         3


Dungeon Overview and Level Annotations

Branches:
Dungeon (4/15)             Temple (1/1) D:4

Altars:
Ashenzari
Cheibriados
Elyvilon
Fedhas
Gozag
Hepliaklqana
Kikubaaqudgha
Makhleb
Okawaru
Trog
Vehumet
Wu Jian
Xom
Yredelemnul
Zin
The Shining One


Message History

Press: ? - help, Dir - move target You conjure a prism of explosive energy!
A fulminant prism comes into view.
The steam dragon breathes steam at you. The ball of steam misses you.
Your fulminant prism moves out of view.
Casting: Fulminant Prism (potentially lethal; 30% risk of failure)
Confirm with . or Enter, or press ? or * to list all spells.
Aiming: Searing Ray (safe; 1% risk of failure)
Press: ? - help, Shift-Dir - straight line, f - steam dragon
Aim: a steam dragon (catching its breath, 79% to hit)
The searing ray hits the steam dragon.
The steam dragon is lightly wounded. (Press . to maintain the ray.)
You are engulfed in a cloud of scalding steam.
You hear a loud crackle.
Casting: Searing Ray (safe; 1% risk of failure)
Confirm with . or Enter, or press ? or * to list all spells.
Restarting spell: Searing Ray (safe; 1% risk of failure)
Press: ? - help, Shift-Dir - straight line, f/p - steam dragon
Aim: a steam dragon (steam, lightly wounded, catching its breath, ally target, 79% to hit)
The searing ray hits the steam dragon but does no damage.
The steam dragon is lightly wounded. (Press . to maintain the ray.)
You are engulfed in a cloud of scalding steam.
Your fulminant prism explodes!
You hear a shout!
Casting: Searing Ray (safe; 1% risk of failure)
Confirm with . or Enter, or press ? or * to list all spells.
The spell is potentially lethal to miscast (30% risk of failure)!
Continue anyway? [Y]es or [N]o only, please.
The spell is potentially lethal to miscast (30% risk of failure)!
Continue anyway?
You miscast Iskenderun's Mystic Blast.
You are very lightly contaminated with residual magic.
Nothing appears to happen.
You are engulfed in a cloud of scalding steam.
The steam dragon barely misses you. The steam dragon claws you.
* * * LOW HITPOINT WARNING * * *
The steam dragon breathes steam at you. The ball of steam hits you!
You die...

################
#.....@§........
#.###+##D##+###.
#.#...§.#.....#
#)#.....#.....#
#.'##'##+##+##+
#.#..#.....#..#
#.#..#'###+#..#
#.#..#.....#..#
#.+..+.._..+..+


You could see a steam dragon (catching breath).

Vanquished Creatures
  3 adders
  3 orcs (D:3)
  6 bats
  7 endoplasms
  4 giant cockroaches
  8 goblins
  4 hobgoblins
  9 jackals
  17 kobolds
  4 quokkas (D:2)
  6 ball pythons
  9 frilled lizards
  2 rats
82 creatures vanquished.

Vanquished Creatures (others)
  A fulminant prism (D:4)
1 creature vanquished.

Grand Total: 83 creatures vanquished

Notes
Turn   | Place    | Note
-------+----------+-------------------------------------------
     0 | D:1      | ChaosChampion the Deep Elf Conjurer began the quest for the
                  | Orb.
     0 | D:1      | Reached XP level 1. HP: 10/10 MP: 6/6
   368 | D:1      | Reached XP level 2. HP: 15/15 MP: 2/8
   371 | D:1      | Learned a level 2 spell: Searing Ray
   858 | D:1      | Reached XP level 3. HP: 19/19 MP: 0/10
  1851 | D:2      | You fall into a shaft and drop 1 floor!
  1906 | D:2      | Reached XP level 4. HP: 24/24 MP: 7/11
  2475 | D:3      | Reached skill level 5 in Conjurations
  3166 | D:3      | Found a faded altar of an unknown god.
  3695 | D:4      | Found a staircase to the Ecumenical Temple.
  3750 | Temple   | Entered the Ecumenical Temple
  3819 | Temple   | Became a worshipper of Vehumet
  3870 | D:4      | Found a blossoming altar of Fedhas.
  3897 | D:4      | Noticed a steam dragon
  3904 | D:4      | Learned a level 4 spell: Fulminant Prism
  3909 | D:4      | Learned a level 4 spell: Iskenderun's Mystic Blast
  3921 | D:4      | Killed from afar by a steam dragon

Illustrated notes

Levels and vault maps discovered:
D:1:      wander_arrival_desolate, layout_loops_corners, minmay_tetromino_l4
D:2:      minmay_general_purpose_star, layout_basic, minmay_misc_feat_tower
D:3:      layout_loops_cross, hellmonk_ecumenical_altar_prayer_group,
          grunt_decor_fettered
D:4:      minmay_chambers_of_fours, layout_gridville,
          mainiacjoe_overflow_24_doors, minmay_temple_entry_steel_oval,
          minmay_misc_feat_tiny, wad_rectangle_vault, uniq_eustachio
Temple:   eino_wide_crystal_templ

Skill      XL: |  1  2  3  4 |
---------------+-------------+-----
Stealth        | 3 4 |  4.0
Dodging        | 3 |  3.6
Spellcasting   | 4 |  4.2
Conjurations   | 5 |  5.0

Action                   |  1- 3 |  4- 6 || total
-------------------------+-------+-------++-------
 Cast: Magic Dart        |    86 |    37 ||   123
       Searing Ray       |     1 |    12 ||    13
       Fulminant Prism   |       |     1 ||     1
  Use: Scroll            |       |     6 ||     6
Armor: Robe              |     2 |     3 ||     5
Dodge: Dodged            |     5 |    12 ||    17

Table legend: (Time is in decaauts)
 A = Elapsed time spent in this place.
 B = Non-inter-level travel time spent in this place.
 C = Inter-level travel time spent in this place.
 D = Time resting spent in this place.
 E = Time spent auto-exploring this place.
 F = Levels seen in this place.
 G = Mean time per level.
                   A        B        C        D        E       F      G
               +--------+--------+--------+--------+--------+-----+--------+
         Total |   3922 |   3860 |     62 |    241 |   3143 |   5 |  784.4 |
       Dungeon |   3832 |   3790 |     42 |    241 |   3103 |   4 |  958.0 |
        Temple |     89 |     69 |     20 |      0 |     40 |   1 |   89.0 |
               +--------+--------+--------+--------+--------+-----+--------+

Top non-repeatable levels by time:
     D:1: 1272 daAuts
     D:2: 1192 daAuts
     D:3: 1007 daAuts
     D:4: 360 daAuts
  Temple: 89 daAuts
